 Dungeon Crawl Stone Soup version 0.29.0-4-gdea44cf6ec (webtiles) character file.

Game seed: 3892862926109914679

353 qw the Chopper (level 6, -15/36 HPs)
             Began as a Tengu Warper on Aug 28, 2022.
             Demolished by an ogre
             ... wielding a +0 giant club
              (24 damage)
             ... on level 5 of the Dungeon.
             The game lasted 00:00:31 (4970 turns).

qw the Chopper (Tengu Warper)                       Turns: 4970, Time: 00:00:31

Health: -15/36     AC:  8    Str: 14    XL:     6   Next: 62%
Magic:  10/10      EV:  8    Int: 13    God:
Gold:   251        SH:  0    Dex: 19    Spells: 9/9 levels left

rFire   . . .      SeeInvis .   Y - +1 hand axe
rCold   . . .      Faith    .   (no shield)
rNeg    + . .      Spirit   .   c - +0 chain mail
rPois   .          Reflect  .   (helmet restricted)
rElec   .          Harm     .   (no cloak)
rCorr   .          Rampage  .   (no gloves)
Will    .....                   (boots unavailable)
Stlth   ..........              (no amulet)
HPRegen 0.00/turn               a - +6 ring of dexterity
MPRegen 0.12/turn               g - ring of positive energy

@: flying quickly and evasively, inhibited regen, quick
A: beak, talons 3, nimble flight, horns 1, inhibited regeneration
a: no special abilities


You were on level 5 of the Dungeon.
You visited 1 branch of the dungeon, and saw 5 of its levels.

You collected 285 gold pieces.
You spent 34 gold pieces at shops.


Innate Abilities, Weirdness & Mutations

You have a beak for a mouth.
You have claws for feet.
Your magical nature lets you fly swiftly and evasively.
You have a pair of small horns on your head.
You do not regenerate when monsters are visible.


   Skills:
 + Level 2.3 Fighting
 - Level 7.0 Axes
 - Level 1.0 Throwing
 - Level 2.2 Armour
 - Level 2.1 Dodging
 - Level 2.0 Spellcasting
 - Level 2.4 Translocations


You had 9 spell levels left.
You didn't know any spells.
Your spell library contained the following spells:

 Spells                   Type           Power      Damage    Failure   Level
 Blink                    Tloc           14%        N/A       98%         2
 Gell's Gravitas          Tloc           7%         N/A       100%        3
 Lesser Beckoning         Tloc           7%         N/A       100%        3
 Teleport Other           Tloc           7%         N/A       100%        3
 Manifold Assault         Tloc           7%         N/A       100%        5

Inventory:

Hand Weapons
 e - a +0 flail
 Y - a +1 hand axe (weapon)
Armour
 c - a +0 chain mail (worn)
Jewellery
 a - a +6 ring of dexterity (left hand)
 g - a ring of positive energy (right hand)
Scrolls
 j - 2 scrolls of identify
Potions
 f - a potion of curing
 i - a potion of might

Dungeon Overview and Level Annotations

Branches:
Dungeon (5/15)
 Temple: D:4-7

Altars:
Wu Jian

Shops:
D:1 *


Message History

The quokka closely misses you.
You hit the quokka.
You kill the quokka!
You start resting.
HP restored.
Done exploring.
Done exploring.
4925 ||| READING 3 scrolls of identify.
As you read the scroll of identify, it crumbles to dust.
d - a potion of ambrosia;
4925 ||| IDENTIFYING grey potion Done exploring.
4926 ||| DROPPING potion of ambrosia.
You drop a potion of ambrosia.
Done exploring.
(D) Dungeon
Where to? (* - list waypoints, Enter - D:4, ? - help)
What level of the Dungeon? (default 1, ? - help)
There is a stone staircase leading down here.
You fly downwards.
There is a stone staircase leading up here.
Existing waypoints: (1) D:4 (2) D:3 Assign waypoint to what number? (0-9, D - delete waypoint) Waypoint 2 re-assigned from D:3 to D:5.
Enter note: You reach down and open the door.
An ogre comes into view. It is wielding a +0 giant club.
The ogre shouts!
You hear an angry hiss.
An iguana comes into view.
Found a scroll labelled SACY PUZXUORI.
You hit the ogre but do no damage. You claw the ogre.
The ogre is moderately wounded.
The ogre hits you with a +0 giant club!!
Ouch! That really hurt!
You closely miss the ogre. You claw the ogre. Your headbutt misses the ogre.
The ogre is heavily wounded.
You hit the ogre.
The ogre is heavily wounded.
The ogre hits you with a +0 giant club!!
Ouch! That really hurt!
You die...

####### ###+
##.....### ....
#.........
7?.###.........
7lO@..........
7..#...........
.... #...........
.###+###...........
.......<..........#
########........###
#.......##
##....### ######


You could see an ogre and an iguana.

Vanquished Creatures
  An orc priest (D:4)
  4 iguanas
  2 orc wizards
  4 gnolls (D:4)
  4 adders
  A worm (D:3)
  2 dart slugs
  5 orcs
  7 ball pythons
  5 endoplasms
  3 giant cockroaches
  11 goblins
  6 hobgoblins
  3 jackals (D:1)
  5 kobolds
  5 quokkas
  12 bats
  4 frilled lizards
  3 rats
87 creatures vanquished.

Notes
Turn   | Place    | Note
-------+----------+-------------------------------------------
     0 | D:1      | qw the Tengu Warper began the quest for the Orb.
     0 | D:1      | Reached XP level 1. HP: 12/12 MP: 4/4
     0 | D:1      | 0 ||| qw: Version: 0.1-a-89-g26bdef1
     0 | D:1      | 0 ||| qw: Game counter: 2660
     0 | D:1      | 0 ||| qw: Always use a shield: true
     0 | D:1      | 0 ||| qw: God list: Okawaru
     0 | D:1      | 0 ||| qw: Allow faded altars: false
     0 | D:1      | 0 ||| qw: Do Orc after D:15 true
     0 | D:1      | 0 ||| qw: Do second Lair branch before Depths: true
     0 | D:1      | 0 ||| qw: Lair rune preference: random
     0 | D:1      | 0 ||| qw: Plans: Normal
     0 | D:1      | 0 ||| PLANNING D:1-11
     8 | D:1      | 8 ||| Stepping ~*~*~tactically~*~*~ (stealth).
   165 | D:1      | 165 ||| Stepping ~*~*~tactically~*~*~ (stealth).
   188 | D:1      | Reached skill level 3 in Axes
   188 | D:1      | Reached XP level 2. HP: 15/17 MP: 6/6
   232 | D:1      | 232 ||| Stepping ~*~*~tactically~*~*~ (stealth).
   233 | D:1      | 233 ||| Stepping ~*~*~tactically~*~*~ (stealth).
   340 | D:1      | 340 ||| Stepping ~*~*~tactically~*~*~ (stealth).
   348 | D:1      | 348 ||| Stepping ~*~*~tactically~*~*~ (stealth).
   534 | D:1      | 534 ||| Stepping ~*~*~tactically~*~*~ (stealth).
   536 | D:1      | 536 ||| Stepping ~*~*~tactically~*~*~ (stealth).
   537 | D:1      | 537 ||| Stepping ~*~*~tactically~*~*~ (stealth).
   538 | D:1      | 538 ||| Stepping ~*~*~tactically~*~*~ (stealth).
   806 | D:1      | Reached XP level 3. HP: 17/21 MP: 7/7
   979 | D:1      | Reached skill level 4 in Axes
  1038 | D:1      | Found Nautabb's Assorted Antiques.
  1043 | D:1      | 1043 ||| BUYING metallic puce potion (16 gold).
  1043 | D:1      | Bought a metallic puce potion for 16 gold pieces
  1043 | D:1      | 1043 ||| SHOPLISTING runed ring mail (126 gold, have 31).
  1043 | D:1      | 1043 ||| BUYING scroll labelled MEBEKH TOLIBI (18 gold).
  1043 | D:1      | Bought a scroll labelled MEBEKH TOLIBI for 18 gold pieces
  1043 | D:1      | 1043 ||| SHOPLISTING scroll labelled SACY PUZXUORI (18
                  | gold, have 13).
  1043 | D:1      | 1043 ||| SHOPLISTING scroll labelled YHIAFYZUOL (18 gold,
                  | have 13).
  1212 | D:1      | 1212 ||| DROPPING +0 club.
  1540 | D:1      | 1540 ||| READING scroll labelled HAUFUM ECEMIUKER.
  1543 | D:1      | 1543 ||| READING 2 scrolls labelled MEBEKH TOLIBI.
  1544 | D:1      | 1544 ||| DRINKING 2 glowing ruby potions.
  1545 | D:1      | 1545 ||| DRINKING 2 golden potions.
  1545 | D:1      | Gained mutation: You sometimes lose your temper in combat.
                  | [potion of mutation]
  1545 | D:1      | Gained mutation: You are strong-willed. (Will+) [potion of
                  | mutation]
  1545 | D:1      | Gained mutation: You passively map a small area around you.
                  | [potion of mutation]
  1546 | D:1      | 1546 ||| DRINKING potion of mutation.
  1546 | D:1      | Lost mutation: You are strong-willed. (Will+) [potion of
                  | mutation]
  1546 | D:1      | Lost mutation: You sometimes lose your temper in combat.
                  | [potion of mutation]
  1546 | D:1      | Lost mutation: You passively map a small area around you.
                  | [potion of mutation]
  1546 | D:1      | Gained mutation: You do not regenerate when monsters are
                  | visible. [potion of mutation]
  1546 | D:1      | Gained mutation: You have a pair of small horns on your
                  | head. [potion of mutation]
  1547 | D:1      | 1547 ||| DROPPING scroll of blinking.
  1548 | D:1      | 1548 ||| DROPPING potion of brilliance.
  1790 | D:2      | Reached XP level 4. HP: 20/26 MP: 8/8
  1795 | D:2      | 1795 ||| FLEEEEING.
  1912 | D:2      | 1912 ||| Stepping ~*~*~tactically~*~*~ (stealth).
  2135 | D:2      | Reached skill level 5 in Axes
  2466 | D:2      | 2466 ||| UPGRADING to +0 chain mail.
  2476 | D:2      | 2476 ||| DROPPING +0 leather armour.
  2477 | D:2      | 2477 ||| DROPPING ring of magical power.
  2478 | D:2      | 2478 ||| READING scroll labelled DIT UWONOEKIMO.
  2479 | D:2      | 2479 ||| READING 2 scrolls labelled WEFUTA BAKHATS.
  2480 | D:2      | 2480 ||| READING scroll labelled HIPTU HERAOHU.
  2481 | D:2      | 2481 ||| DRINKING 2 bubbling sapphire potions.
  2482 | D:2      | 2482 ||| READING 2 scrolls of identify.
  2482 | D:2      | 2482 ||| IDENTIFYING white potion
  2483 | D:2      | 2483 ||| DROPPING scroll of immolation.
  2484 | D:2      | 2484 ||| DROPPING potion of invisibility.
  2485 | D:2      | 2485 ||| Stepping randomly (stuck).
  2486 | D:2      | 2486 ||| Stepping ~*~*~tactically~*~*~ (cloud).
  2492 | D:2      | HP: 6/26 [poisoned by you (poison gas)]
  3011 | D:3      | Found a faded altar of an unknown god.
  3122 | D:3      | HP: 6/26 [iguana (3)]
  3123 | D:3      | 3123 ||| DRINKING potion of heal wounds.
  3125 | D:3      | Gained mutation: Your magical nature lets you fly swiftly
                  | and evasively. [Tengu growth]
  3125 | D:3      | Reached XP level 5. HP: 30/30 MP: 9/9
  3429 | D:3      | 3429 ||| DROPPING scarf of shadows.
  3430 | D:3      | 3430 ||| UPGRADING to +6 ring of dexterity.
  3431 | D:3      | 3431 ||| READING scroll labelled GOTHRU HUV BUUDGH.
  3432 | D:3      | 3432 ||| READING 4 scrolls of identify.
  3432 | D:3      | 3432 ||| IDENTIFYING yellow potion
  3433 | D:3      | 3433 ||| READING 3 scrolls of identify.
  3433 | D:3      | 3433 ||| IDENTIFYING metallic puce potion
  3434 | D:3      | 3434 ||| DROPPING potion of flight.
  3553 | D:4      | Found an ornate altar of the Wu Jian Council.
  3554 | D:4      | 3554 ||| Stepping randomly (stuck).
  3555 | D:4      | 3555 ||| Stepping randomly (stuck).
  3556 | D:4      | 3556 ||| Stepping randomly (stuck).
  3557 | D:4      | 3557 ||| Stepping randomly (stuck).
  3558 | D:4      | 3558 ||| Stepping randomly (stuck).
  3560 | D:4      | 3560 ||| Stepping randomly (stuck).
  3719 | D:4      | 3719 ||| DROPPING +0 whip.
  3777 | D:4      | Reached skill level 6 in Axes
  3795 | D:4      | 3795 ||| Stepping ~*~*~tactically~*~*~ (stealth).
  3796 | D:4      | 3796 ||| Stepping ~*~*~tactically~*~*~ (stealth).
  3874 | D:4      | 3874 ||| FLEEEEING.
  3875 | D:4      | 3875 ||| FLEEEEING.
  3933 | D:4      | 3933 ||| Stepping ~*~*~tactically~*~*~ (hiding).
  3936 | D:4      | 3936 ||| Stepping ~*~*~tactically~*~*~ (hiding).
  3937 | D:4      | 3937 ||| Stepping ~*~*~tactically~*~*~ (hiding).
  3938 | D:4      | 3938 ||| Stepping ~*~*~tactically~*~*~ (hiding).
  3939 | D:4      | 3939 ||| Stepping ~*~*~tactically~*~*~ (hiding).
  3941 | D:4      | 3941 ||| Stepping ~*~*~tactically~*~*~ (stealth).
  3946 | D:4      | Reached XP level 6. HP: 27/35 MP: 10/10
  3946 | D:4      | 3946 ||| FLEEEEING.
  3947 | D:4      | 3947 ||| FLEEEEING.
  3948 | D:4      | 3948 ||| FLEEEEING.
  3949 | D:4      | 3949 ||| FLEEEEING.
  3950 | D:4      | 3950 ||| FLEEEEING.
  3951 | D:4      | 3951 ||| FLEEEEING.
  3952 | D:4      | 3952 ||| FLEEEEING.
  3953 | D:4      | 3953 ||| FLEEEEING.
  3954 | D:4      | 3954 ||| FLEEEEING.
  3955 | D:4      | 3955 ||| FLEEEEING.
  3956 | D:4      | 3956 ||| FLEEEEING.
  3958 | D:4      | 3958 ||| FLEEEEING.
  3959 | D:4      | 3959 ||| FLEEEEING.
  3960 | D:4      | 3960 ||| FLEEEEING.
  3961 | D:4      | 3961 ||| FLEEEEING.
  3965 | D:4      | 3965 ||| FLEEEEING.
  3966 | D:4      | 3966 ||| FLEEEEING.
  3981 | D:4      | 3981 ||| FLEEEEING.
  3982 | D:4      | 3982 ||| FLEEEEING.
  3983 | D:4      | 3983 ||| FLEEEEING.
  3984 | D:4      | 3984 ||| STAIRDANCE
  4032 | D:3      | 4032 ||| DROPPING amulet of magic regeneration.
  4033 | D:3      | 4033 ||| UPGRADING to ring of positive energy.
  4034 | D:3      | 4034 ||| READING scroll labelled ZIGILI KIPH.
  4035 | D:3      | 4035 ||| DRINKING 2 smoky orange potions.
  4038 | D:4      | 4038 ||| STAIRDANCE
  4040 | D:3      | 4040 ||| FLEEEEING.
  4041 | D:3      | 4041 ||| FLEEEEING.
  4042 | D:3      | 4042 ||| FLEEEEING.
  4043 | D:3      | 4043 ||| FLEEEEING.
  4044 | D:3      | 4044 ||| FLEEEEING.
  4046 | D:3      | 4046 ||| FLEEEEING.
  4047 | D:3      | 4047 ||| FLEEEEING.
  4058 | D:3      | 4058 ||| FLEEEEING.
  4059 | D:3      | 4059 ||| FLEEEEING.
  4060 | D:3      | 4060 ||| FLEEEEING.
  4077 | D:3      | 4077 ||| FLEEEEING.
  4078 | D:3      | 4078 ||| FLEEEEING.
  4079 | D:3      | 4079 ||| FLEEEEING.
  4080 | D:3      | 4080 ||| FLEEEEING.
  4081 | D:3      | 4081 ||| FLEEEEING.
  4082 | D:3      | 4082 ||| FLEEEEING.
  4083 | D:3      | 4083 ||| STAIRDANCE
  4191 | D:4      | 4191 ||| STAIRDANCE
  4419 | D:4      | 4419 ||| Stepping ~*~*~tactically~*~*~ (hiding).
  4634 | D:4      | Reached skill level 7 in Axes
  4925 | D:4      | 4925 ||| READING 3 scrolls of identify.
  4925 | D:4      | 4925 ||| IDENTIFYING grey potion
  4926 | D:4      | 4926 ||| DROPPING potion of ambrosia.
  4957 | D:5      | Entered Level 5 of the Dungeon
  4968 | D:5      | HP: 9/36 [ogre/+0 giant club (27)]
  4970 | D:5      | Demolished by an ogre

Levels and vault maps discovered:
D:1:      lemuel_arrival_rhombus, layout_basic, serial_shops,
          nicolae_shop_hallway_plus
D:2:      layout_basic
D:3:      layout_loops_ring, shapermc_ecumenical_altar_totnotflames
D:4:      layout_rooms, nicolae_wu_jian_immortal_techniques, kennysheep_path_1
D:5:      layout_cave_pods, minivault_19, kennysheep_generic_room_13, uniq_ijyb,
          uniq_sigmund

Skill      XL: |  1  2  3  4  5  6 |
---------------+-------------------+-----
Axes           | 3 4 5 6 7 |  7.0
Armour         | 2 |  2.2
Fighting       | |  2.3
Throwing       | |  1.0
Dodging        | |  2.1
Spellcasting   | |  2.0
Translocations | |  2.4

Action                   |  1- 3 |  4- 6 || total
-------------------------+-------+-------++-------
Melee: Hand axe          |    90 |   124 ||   214
       Peck              |    14 |    22 ||    36
       Kick              |    14 |    40 ||    54
       Punch             |     1 |       ||     1
       Headbutt          |     2 |    18 ||    20
Throw: Boomerang         |     7 |     1 ||     8
  Use: Potion            |     3 |     3 ||     6
       Scroll            |     2 |     9 ||    11
 Stab: Sleeping          |     1 |       ||     1
Armor: Leather armour    |    39 |     5 ||    44
       Chain mail        |       |    30 ||    30
Dodge: Dodged            |    60 |    43 ||   103

Table legend:
 A = Non-vault XP
 B = Vault XP
 C = Vault XP percentage of total XP
 D = Non-vault monster count
 E = Vault monster count
 F = Vault count percentage of total count
                 A         B        C        D         E       F
            +---------+---------+-------+---------+---------+-------
      Total |     505 |       0 |   0.0 |      87 |       0 |   0.0
            +---------+---------+-------+---------+---------+-------
        D:1 |      58 |       0 |   0.0 |      34 |       0 |   0.0
        D:2 |      74 |       0 |   0.0 |      23 |       0 |   0.0
        D:3 |      87 |       0 |   0.0 |       7 |       0 |   0.0
        D:4 |     286 |       0 |   0.0 |      23 |       0 |   0.0
            +---------+---------+-------+---------+---------+-------
